 Dungeon Crawl Stone Soup version 0.19-a0-1908-g43c011f (webtiles) character file.

355441 Tetramerus the Executioner (level 21, -1/189 HPs)
             Began as a Minotaur Fighter on Oct 22, 2016.
             Was the Champion of Okawaru.
             Slain by a tentacled monstrosity (2 damage)
             ... on level 5 of the Vaults.
             The game lasted 02:12:30 (51372 turns).

Tetramerus the Executioner (Minotaur Fighter)      Turns: 51372, Time: 02:12:30

Health: -1/189     AC: 40    Str: 45    XL:     21   Next: 37%
Magic:  43/43      EV: 20    Int:  7    God:    Okawaru [******]
Gold:   369        SH: 18    Dex: 17    Spells: 1 memorised, 40 levels left

rFire  + + +     SeeInvis .     b - +10 broad axe "Turhups" {chop, rF+}
rCold  + + .     Gourm    .     p - +8 plate armour of the Nine Cities {rN+ Stlth+}
rNeg   + . .     Faith    .     i - +4 buckler of the Guardian {rF+ Str+4}
rPois  +         Spirit   .     V - +2 hat
rElec  +         Reflect  +     y - +4 cloak of Vehumet's Generosity {*Contam rElec MP+9 Int+2}
rCorr  +         Harm     .     u - +0 pair of fencer's gloves {+Riposte Dex+6}
MR     +....                    O - +2 pair of boots {Fly}
Stlth  ..........               Y - +5 amulet of reflection
                                I - ring "Zotzodde" {rF+ rC+ Str+4}
                                v - ring "Roosiz" {rPois Str+2 Stlth+}

@: mighty, lethally poisoned (-1 -> -2), resistant, marked, barbed spikes
A: retaliatory headbutt, horns 2
a: Heroism, Finesse, Renounce Religion, Evoke Flight
}: 2/15 runes: serpentine, barnacled


You were on level 5 of the Vaults.
You worshipped Okawaru.
Okawaru was exalted by your worship.
You were not hungry.

You visited 7 branches of the dungeon, and saw 37 of its levels.
You also visited: Labyrinth, Sewer and Ice Cave.

You collected 4423 gold pieces.
You spent 4054 gold pieces at shops.

Inventory:

Hand Weapons
 b - the +10 broad axe "Turhups" (weapon) {chop, rF+}
   (You found it on level 3 of the Snake Pit)

   It inflicts extra damage upon your enemies.
   It protects you from fire.
 g - the +8 broad axe "Isuix" {freeze, Dex+2}
   (Okawaru gifted it to you on level 1 of the Snake Pit)

   It has been specially enchanted to freeze those struck by it, causing extra
   injury to most foes and up to half again as much damage against particularly
   susceptible opponents.
   It can also slow down cold-blooded creatures.
   It affects your dexterity (+2).
 S - a +6 broad axe of electrocution
Missiles
 r - 12 throwing nets (quivered)
Armour
 i - the +4 buckler of the Guardian (worn) {rF+ Str+4}
   (Okawaru gifted it to you on level 4 of the Snake Pit)

   It affects your strength (+4).
   It protects you from fire.
 p - the +8 plate armour of the Nine Cities (worn) {rN+ Stlth+}
   (You bought it in a shop on level 2 of the Orcish Mines)

   It protects you from negative energy.
   It makes you more stealthy.
 u - the +0 pair of fencer's gloves (worn) {+Riposte Dex+6}
   (You found it in a labyrinth)

   It affects your dexterity (+6).
 y - the +4 cloak of Vehumet's Generosity (worn) {*Contam rElec MP+9 Int+2}
   (You bought it in a shop on level 4 of the Vaults)

   It affects your intelligence (+2).
   It insulates you from electricity.
   It affects your magic capacity (+9).
   It causes magical contamination when unequipped.
 H - a +2 cloak of magic resistance
 O - a +2 pair of boots of flying (worn)
 U - the +1 pair of gloves of Okawaru {rElec rCorr Dex+3}
   (Okawaru gifted it to you on level 6 of the Lair of Beasts)

   It affects your dexterity (+3).
   It insulates you from electricity.
   It protects you from acid and corrosion.
 V - a +2 hat (worn)
Jewellery
 t - an uncursed amulet of rage
 v - the ring "Roosiz" (left hand) {rPois Str+2 Stlth+}
   (You bought it in a shop on level 2 of the Orcish Mines)

   [ring of stealth]

   It affects your strength (+2).
   It protects you from poison.
   It makes you more stealthy.
 I - the ring "Zotzodde" (right hand) {rF+ rC+ Str+4}
   (You found it on level 1 of the Snake Pit)

   [ring of protection from fire]

   It affects your strength (+4).
   It protects you from fire.
   It protects you from cold.
 Y - a +5 amulet of reflection (around neck)
 Z - an uncursed ring of see invisible
Wands
 k - a wand of disintegration (5/24)
 l - a wand of digging (3/24)
 n - a wand of paralysis (13/24)
 o - a wand of teleportation (6/9)
 s - a wand of enslavement (14/24)
 w - a wand of polymorph (19/24)
 N - a wand of teleportation (3/9)
 R - a wand of digging (6/24)
Scrolls
 e - 13 scrolls of remove curse
 h - 6 scrolls of immolation
 x - 2 scrolls of identify
 z - 3 scrolls of summoning
 A - 4 scrolls of recharging
 B - a scroll of fog
 C - 4 scrolls of fear
 G - 2 scrolls of magic mapping
 K - 2 scrolls of enchant armour
 Q - 3 scrolls of silence
 T - 4 scrolls of teleportation
 W - 2 scrolls of holy word
Potions
 a - 2 potions of heal wounds
 c - 3 potions of ambrosia
 d - 2 potions of brilliance
 m - 13 potions of curing
 F - 2 potions of cancellation
 P - a potion of cure mutation
Comestibles
 f - 20 bread rations
 j - 19 meat rations
 q - 23 fruits
 J - a beef jerky
 L - a slice of pizza
 M - 3 chunks of flesh


   Skills:
 + Level 16.7 Fighting
 * Level 22.4 Axes
 + Level 19.7 Armour
 + Level 15.6 Dodging
 + Level 16.8 Shields
 + Level 10.7 Spellcasting
 - Level 4.0 Invocations
 - Level 5.0 Evocations


You had 40 spell levels left.
You knew the following spells:

 Your Spells              Type           Power        Failure   Level  Hunger
a - Apportation           Tloc           #.........   43%         1    None


Dungeon Overview and Level Annotations

Branches:
Dungeon (15/15)            Temple (1/1) D:4            Lair (6/6) D:11
 Shoals (4/4) Lair:3        Snake (4/4) Lair:2        Slime (0/5) Lair:6
    Orc (2/2) D:12            Elf (0/3) Orc:2        Vaults (5/5) D:14
  Crypt (0/3) Vaults:3     Depths (0/5) D:15

Altars:
Ashenzari
Cheibriados
Dithmenos
Elyvilon
Fedhas
Gozag
Hepliaklqana
Kikubaaqudgha
Makhleb
Nemelex Xobeh
Okawaru
Qazlal
Ru
Sif Muna
Trog
Uskayaw
Vehumet
Xom
Yredelemnul
Zin
The Shining One

Shops:
D:8 =   D:9 ?   Orc:2 ![:=   Shoals:4 ?   Snake:2 ?   Vaults:1 [=(   Vaults:4 [

Annotations:
Vaults:5 Tekks's ghost, veteran SpAs


Innate Abilities, Weirdness & Mutations

You reflexively headbutt those who attack you in melee.
You have a pair of horns on your head.


Message History

You feel much better. You block the tengu reaver's attack.
The tengu reaver pecks you but does no damage.
You block the tengu reaver's attack. The yaktaur completely misses you.
The titan waves its arms in wide circles.
The air twists around and strikes you!
* * * LOW HITPOINT WARNING * * *
You block the redback's attack.
The vault warden hits you but does no damage.
Tekks's ghost hits you but does no damage.
You writhe in agony.
* * * LOW HITPOINT WARNING * * *
You block the orc knight's attack.
The ogre mage hits you from afar with a halberd.
* * * LOW HITPOINT WARNING * * *
The vault warden hits you but does no damage.
The shadow dragon bites you but does no damage.
The shadow dragon barely misses you. x2
The tentacled monstrosity tentacle-slaps you but does no damage.
The tentacled monstrosity tentacle-slaps you.
You die...

#....#.....#
#....#......
####(...#......
.p.#..!.#....
C......)....
##.DL....C#####
.(....CpOW.....
..p..cocQp.....
.uu(upD@Cp(....
..((ccWXsC.....
##....pCpp#####
#.OD.....OT.
...#....#O...
Oe##....#C..##
.# #....#..)#
#....#..O#


You could see a shadow dragon, a tentacled monstrosity, 2 ironheart preservers,
a titan, a golden dragon, a storm dragon, 2 very ugly things, a fire giant, 3
stone giants, 5 vault wardens, a tengu reaver, a lich, a yaktaur captain, a
vault guard, an orc knight, a purple ugly thing, 2 ettins, a flayed ghost, 2
ogre magi, a deep troll, a vault sentinel, 3 yaktaurs, a deep elf mage, a
two-headed ogre, a redback shaped shifter, 3 ogres and Tekks's ghost.

Vanquished Creatures
  Mennas (Vaults:3)
  Mara (Snake:4)
  A tentacled monstrosity (Vaults:5)
  3 titans (Vaults:5)
  Polyphemus (Shoals:2)
  A kraken (Shoals:4)
  An ancient champion (Vaults:3)
  Frances (D:12)
  A sphinx (Vaults:5)
  2 tengu reavers (Vaults:5)
  Kirke (Shoals:2)
  Ilsuiw (Shoals:4)
  The ghost of Deemzul the Fencer, an adept OpBe of Trog (D:15)
  Roxanne (D:15)
  The ghost of Leibowitz the Spry, an adept KoBe of Trog (Shoals:4)
  12 nagarajas
  A fire giant (Vaults:5)
  13 vault wardens
  2 frost giants
  A deep elf elementalist (Vaults:5)
  A ghoul (Vaults:3)
  3 very ugly things
  11 ironheart preservers
  6 stone giants
  A deep elf demonologist (Vaults:4)
  2 dire elephants
  A deep elf annihilator (Vaults:4)
  Azrael (D:15)
  An ettin (Vaults:4)
  5 merfolk javelineers
  Snorg (D:11)
  A minotaur (Lab)
  A fire dragon (Vaults:2)
  6 yaktaur captains
  12 merfolk impalers
  8 ogre magi
  5 great orbs of eyes
  4 rakshasas
  34 vault guards
  Fannar (D:11)
  6 ice dragons
  27 naga warriors
  Harold (D:11)
  6 hydras
  3 alligator snapping turtles
  3 merfolk avatars
  2 satyrs (Shoals:3)
  A death knight (D:13)
  9 anacondas
  15 death yaks
  4 merfolk aquamancers (Shoals:4)
  2 catoblepae
  9 centaur warriors
  A deep troll shaman (Lair:6)
  5 orc high priests (Orc:2)
  3 deep troll earth magi
  12 naga sharpshooters
  A titan zombie (Vaults:3)
  6 shock serpents
  Sonja (Lair:4)
  A salamander mystic (Snake:2)
  4 skeletal warriors (Vaults:2)
  6 deep elf knights
  2 shadow wraiths
  11 sea snakes
  3 wizards
  An unseen horror (D:14)
  2 deep trolls (Vaults:4)
  14 naga ritualists
  5 deep elf archers
  17 orc knights
  An entropy weaver zombie (Vaults:2)
  12 ironbrand convokers
  4 hill giants
  21 harpies
  2 tengu zombies
  21 ugly things
  2 necromancers
  A stone giant zombie (Vaults:2)
  A human zombie (Vaults:3)
  2 oklob plants
  A phantasmal warrior (Vaults:5)
  7 fauns
  7 mana vipers
  6 deep elf magi
  3 wolf spiders
  A manticore (shapeshifter) (Vaults:5)
  A frost giant zombie (Vaults:2)
  2 orc sorcerers
  12 cyclopes
  9 manticores
  8 salamanders
  12 vault sentinels
  21 elephants
  4 guardian serpents
  41 black mambas
  9 spiny frogs
  7 water nymphs
  2 ice statues (IceCv)
  A storm dragon simulacrum (Vaults:3)
  3 gargoyles
  7 sirens
  30 naga magi
  4 komodo dragons
  18 yaktaurs
  9 rime drakes
  2 efreet
  3 kobold demonologists
  3 freezing wraiths
  An entropy weaver simulacrum (Vaults:2)
  4 polar bears
  10 trolls
  41 merfolk
  2 hornets
  11 two-headed ogres
  7 wind drakes
  Grinder (D:3)
  10 blink frogs
  A blink frog (shapeshifter) (Vaults:2)
  A meliai zombie (D:15)
  15 dream sheep
  15 slime creatures
  A human simulacrum (Vaults:2)
  6 snapping turtles
  3 centaur simulacra
  A shadow (D:15)
  A vampire (D:15)
  A redback (shapeshifter) (Vaults:1)
  9 hippogriffs
  A tarantella (shapeshifter) (Vaults:2)
  3 wraiths
  6 wyverns
  An orc simulacrum (Vaults:2)
  12 yaks
  A spriggan (Lair:3)
  5 fire elementals (D:15)
  A hog (shapeshifter) (Vaults:4)
  14 water elementals
  6 basilisks
  13 vampire mosquitoes
  3 hogs (Shoals:2)
  2 humans (shapeshifter)
  Grum (D:11)
  2 hungry ghosts
  A steam dragon (D:5)
  2 mottled dragons
  55 nagas
  4 wargs
  2 soldier ants
  12 water moccasins
  A naga (shapeshifter) (Vaults:2)
  6 porcupines
  3 hell hounds
  A hornet zombie (D:12)
  58 orc warriors
  Purgy (Sewer)
  19 ice beasts
  2 phantoms
  A black bear (shapeshifter) (Vaults:2)
  5 sky beasts
  29 ogres
  20 wolves
  19 centaurs
  An ogre (shapeshifter) (Vaults:1)
  2 boggarts (Vaults:1)
  12 crocodiles
  6 big kobolds
  17 bullfrogs
  2 water moccasin skeletons
  5 scorpions
  3 killer bees (D:9)
  2 electric eels
  8 howler monkeys
  4 bullfrog zombies
  5 centaur zombies
  9 crimson imps
  A quasit (D:10)
  8 lava snakes (Snake:1)
  2 bullfrog skeletons
  8 hounds
  3 jellies
  5 centaur skeletons
  22 orc wizards
  37 orc priests
  A gnoll shaman (D:9)
  6 iguanas
  5 worker ants
  A hound skeleton (D:6)
  7 gnolls
  17 adders
  6 shadow imps
  2 white imps
  An ufetubus (D:15)
  5 oozes
  3 adder skeletons
  An adder zombie (D:6)
  5 worms
  4 dart slugs
  6 leopard geckos
  116 orcs
  5 ball pythons
  4 bats
  8 giant cockroaches
  14 goblins
  11 hobgoblins
  15 jackals
  21 kobolds
  5 quokkas
  6 frilled lizards
  A goblin skeleton (D:4)
  A goblin zombie (D:4)
  A hobgoblin zombie (D:4)
  A jackal zombie (D:6)
  3 kobold skeletons (D:4)
  A kobold zombie (D:4)
  A leopard gecko skeleton (D:6)
  A leopard gecko zombie (D:9)
  An orc zombie (D:4)
  8 rats
  A butterfly (Lair:6)
  6 fungi
  12 plants
  4 tentacles (Shoals:4)
1567 creatures vanquished.

Vanquished Creatures (others)
  A merfolk javelineer (Shoals:4)
  A satyr (Shoals:4)
  2 cyclopes (Shoals:1)
  A faun (Shoals:2)
  A black mamba (Lair:6)
  4 yaktaurs (Vaults:2)
  An orc warrior (Vaults:5)
  2 boggarts (Vaults:1)
  An orc wizard (D:7)
  A kobold (D:11)
  6 fungi
  7 plants
28 creatures vanquished.

Grand Total: 1595 creatures vanquished

Notes
Turn   | Place    | Note
-------+----------+-------------------------------------------
     0 | D:1      | Tetramerus the Minotaur Fighter began the quest for the Orb.
     0 | D:1      | Reached XP level 1. HP: 19/19 MP: 0/0
   631 | D:1      | Reached XP level 2. HP: 26/26 MP: 1/1
   955 | D:1      | Reached skill level 3 in Axes
  1484 | D:1      | Reached XP level 3. HP: 31/31 MP: 2/2
  1589 | D:2      | Found a shimmering altar of Xom.
  1682 | D:2      | Found an opulent altar of Gozag.
  1715 | D:2      | Found a radiant altar of Vehumet.
  2349 | D:3      | Reached XP level 4. HP: 40/40 MP: 4/4
  2420 | D:3      | Reached skill level 1 in Spellcasting
  2424 | D:3      | Reached skill level 1 in Dodging
  2691 | D:3      | Reached skill level 4 in Axes
  2843 | D:3      | Reached XP level 5. HP: 44/46 MP: 5/5
  2943 | D:3      | Noticed Grinder
  2943 | D:3      | Paralysed by Grinder for 5 turns
  2952 | D:3      | Paralysed by Grinder for 6 turns
  2958 | D:3      | Killed Grinder
  2958 | D:3      | Reached XP level 6. HP: 22/53 MP: 5/7
  3277 | D:3      | Reached skill level 5 in Axes
  3537 | D:3      | Found a snail-covered altar of Cheibriados.
  3726 | D:4      | Reached XP level 7. HP: 52/60 MP: 8/8
  3775 | D:4      | Reached skill level 5 in Armour
  3917 | D:4      | Found a staircase to the Ecumenical Temple.
  3933 | Temple   | Entered the Ecumenical Temple
  4134 | D:4      | Found a hide-covered altar of Uskayaw.
  4168 | D:4      | Found a glowing golden altar of the Shining One.
  4753 | D:4      | Reached skill level 5 in Shields
  4962 | D:5      | Entered Level 5 of the Dungeon
  4999 | D:5      | Reached skill level 5 in Fighting
  4999 | D:5      | Reached skill level 1 in Evocations
  5167 | D:5      | Found a shadowy altar of Dithmenos.
  5342 | D:5      | Reached skill level 6 in Axes
  5392 | D:5      | Noticed a steam dragon
  5406 | D:5      | Killed a steam dragon
  5916 | D:6      | Found an iron altar of Okawaru.
  5923 | D:6      | Reached XP level 8. HP: 35/68 MP: 10/10
  6026 | D:6      | Became a worshipper of Warmaster Okawaru
  6240 | D:6      | Found a glowing drain.
  6248 | Sewer    | Entered a sewer
  6313 | Sewer    | Noticed Purgy
  6319 | Sewer    | Killed Purgy
  6319 | Sewer    | Reached skill level 7 in Axes
  6480 | D:6      | Found a glowing silver altar of Zin.
  7385 | D:7      | Reached XP level 9. HP: 73/75 MP: 11/11
  7391 | D:7      | Reached * piety under Okawaru
  7436 | D:7      | Found a shattered altar of Ashenzari.
  7508 | D:7      | Reached skill level 8 in Axes
  7710 | D:7      | Noticed a hill giant
  7721 | D:7      | Killed a hill giant
  7721 | D:7      | Reached skill level 5 in Dodging
  8329 | D:7      | You fall through a shaft for 2 floors!
  8335 | D:9      | Reached skill level 9 in Axes
  8340 | D:9      | Reached ** piety under Okawaru
  8361 | D:9      | Reached XP level 10. HP: 36/84 MP: 14/14
  8681 | D:9      | Found Kiattyst's Magic Scroll Shop.
  8696 | D:9      | Bought a scroll of identify for 30 gold pieces
  8709 | D:9      | Found a sparkling altar of Nemelex Xobeh.
  8754 | D:9      | Reached XP level 11. HP: 91/91 MP: 15/15
  8902 | D:8      | Found Ibloal's Jewellery Shoppe.
  9204 | D:8      | Found an ancient bone altar of Kikubaaqudgha.
  9626 | D:10     | Entered Level 10 of the Dungeon
  9627 | D:10     | Noticed a hill giant
  9642 | D:10     | Killed a hill giant
  9642 | D:10     | Reached *** piety under Okawaru
  9647 | D:10     | Reached skill level 10 in Axes
 10392 | D:10     | Received a gift from Okawaru
 11471 | D:11     | Noticed Fannar
 11517 | D:11     | Killed Fannar
 11517 | D:11     | Reached **** piety under Okawaru
 11655 | D:11     | Found a staircase to the Lair.
 11681 | D:11     | Found a labyrinth entrance.
 11687 | Lab      | Entered a labyrinth
 12212 | Lab      | Noticed a minotaur
 12232 | Lab      | Killed a minotaur
 12232 | Lab      | Received a gift from Okawaru
 12594 | Lab      | Identified Sif Muna's Guide on the Mountains
 12611 | Lab      | Identified the Papyrus of Curses
 12612 | Lab      | Got an encrusted dagger
 12634 | D:11     | Noticed a sun demon
 12638 | D:11     | Noticed a sun demon
 13003 | D:11     | Noticed Grum
 13015 | D:11     | Killed Grum
 13080 | D:11     | Noticed Harold
 13096 | D:11     | Killed Harold
 13096 | D:11     | Reached ***** piety under Okawaru
 13096 | D:11     | Reached skill level 11 in Axes
 13270 | D:11     | Noticed Snorg
 13282 | D:11     | Killed Snorg
 13282 | D:11     | Reached skill level 5 in Evocations
 13282 | D:11     | Reached XP level 12. HP: 101/101 MP: 17/17
 13782 | D:12     | Noticed Frances
 13803 | D:12     | Killed Frances
 13803 | D:12     | Reached skill level 1 in Invocations
 13941 | D:12     | Found a staircase to the Orcish Mines.
 14078 | D:12     | Received a gift from Okawaru
 14093 | D:12     | Reached skill level 12 in Axes
 14547 | D:12     | Noticed a centaur warrior
 14555 | D:12     | Killed a centaur warrior
 15005 | D:12     | Noticed a yaktaur captain
 15034 | D:12     | Killed a yaktaur captain
 15034 | D:12     | Reached skill level 5 in Spellcasting
 15045 | D:12     | Reached ****** piety under Okawaru
 15045 | D:12     | Reached XP level 13. HP: 102/110 MP: 19/19
 15568 | Lair:1   | Entered Level 1 of the Lair of Beasts
 15741 | Lair:1   | Learned a level 1 spell: Apportation
 16291 | Lair:2   | Got a sapphire long sword
 16527 | Lair:2   | Found a frozen archway.
 16548 | IceCv    | Entered an ice cave
 16688 | IceCv    | Reached skill level 13 in Axes
 16699 | IceCv    | Received a gift from Okawaru
 17144 | IceCv    | Identified the +6 dagger of Duen Zeza {elec, *Drain Dex+7} (You found it in a labyrinth)
 17145 | IceCv    | Identified the +4 long sword of Fate {slice, Str+2} (You found it on level 2 of the Lair of Beasts)
 17590 | Lair:2   | Found a staircase to the Snake Pit.
 18689 | Lair:3   | Noticed a dire elephant
 18706 | Lair:3   | Reached skill level 15 in Armour
 18710 | Lair:3   | Reached skill level 10 in Shields
 18711 | Lair:3   | Killed a dire elephant
 19094 | Lair:3   | Found a staircase to the Shoals.
 20067 | D:9      | Bought a scroll of acquirement for 780 gold pieces
 20073 | D:9      | Got an iridescent war axe
 20074 | D:9      | Identified the +11 war axe of the Badger {speed, MP+9 Str+3} (You acquired it on level 9 of the Dungeon)
 20152 | Lair:3   | Reached skill level 10 in Fighting
 20810 | Lair:4   | Reached skill level 14 in Axes
 20816 | Lair:4   | Reached XP level 14. HP: 120/121 MP: 21/21
 21060 | Lair:4   | Received a gift from Okawaru
 21940 | Lair:4   | Noticed Sonja
 21942 | Lair:4   | Killed Sonja
 22287 | Lair:5   | Got a shimmering bronze ring
 22762 | Lair:5   | Identified the ring of Samalen {rN+ MP+9} (You found it on level 5 of the Lair of Beasts)
 23053 | Lair:6   | Entered Level 6 of the Lair of Beasts
 23251 | Lair:6   | Received a gift from Okawaru
 23292 | Lair:6   | Got a pair of faintly glowing gloves {god gift}
 23303 | Lair:6   | Identified the +1 pair of gloves of Okawaru {rElec rCorr Dex+3} (Okawaru gifted it to you on level 6 of the Lair of Beasts)
 23322 | Lair:6   | Found a staircase to the Slime Pits.
 23987 | Lair:6   | Reached skill level 15 in Axes
 24409 | Lair:6   | Reached skill level 10 in Dodging
 24542 | Lair:6   | Received a gift from Okawaru
 24579 | Lair:6   | Found a hazy altar of Hepliaklqana.
 25059 | D:13     | Noticed a brown very ugly thing
 25070 | D:13     | Killed a brown very ugly thing
 25351 | D:13     | Reached XP level 15. HP: 87/129 MP: 23/23
 25689 | D:13     | Got a crude mace
 25690 | D:13     | Identified the +5 mace "Reofre" {crush, rPois Dex+4} (You found it on level 13 of the Dungeon)
 25714 | D:13     | Got a faintly glowing flail
 25715 | D:13     | Identified the +3 flail of Zitseani {crush, rC++} (You found it on level 13 of the Dungeon)
 25985 | D:13     | Identified a +1 rod of clouds (9/9) (You found it on level 13 of the Dungeon)
 26509 | D:14     | Found a gate to the Vaults.
 26559 | D:14     | Got a steaming silver ring
 26561 | D:14     | Identified the cursed ring of Autumn {rC+ Int+3 Slay-2} (You found it on level 14 of the Dungeon)
 27026 | D:14     | Received a gift from Okawaru
 27033 | D:14     | Got a pair of crude gloves {god gift}
 27044 | D:14     | Identified the +1 pair of gloves "Zonituav" {rC+ Dex+3} (Okawaru gifted it to you on level 14 of the Dungeon)
 27316 | D:14     | You are sucked into a shaft!
 27316 | D:15     | Entered Level 15 of the Dungeon
 27326 | D:15     | Noticed Deemzul's ghost (adept OpBe)
 27347 | D:15     | Killed Deemzul's ghost
 27448 | D:15     | Reached skill level 16 in Axes
 27822 | D:15     | Found a sacrificial altar of Ru.
 27958 | D:15     | Noticed Azrael
 27971 | D:15     | Killed Azrael
 28168 | D:15     | Noticed Roxanne
 28187 | D:15     | Killed Roxanne
 28485 | D:15     | Found a staircase to the Depths.
 28691 | Orc:1    | Entered Level 1 of the Orcish Mines
 29148 | Orc:1    | Received a gift from Okawaru
 29328 | Orc:2    | Entered Level 2 of the Orcish Mines
 29995 | Orc:2    | Reached XP level 16. HP: 136/139 MP: 25/25
 30527 | Orc:2    | Reached skill level 17 in Axes
 30528 | Orc:2    | Found Ephiocra's Distillery.
 30673 | Orc:2    | Found Wiplerad's Antique Armour Shop.
 30674 | Orc:2    | Found Pevon's Jewellery Shop.
 30674 | Orc:2    | Found Gaidebiv's Book Boutique.
 30715 | Orc:2    | Bought a shimmering plate armour for 728 gold pieces
 30727 | Orc:2    | Identified the +8 plate armour of the Nine Cities {rN+ Stlth+} (You bought it in a shop on level 2 of the Orcish Mines)
 30729 | Orc:2    | Bought the ring "Roosiz" {rPois Str+2 Stlth+} for 394 gold pieces
 30738 | Orc:2    | Bought a potion of heal wounds for 80 gold pieces
 30738 | Orc:2    | Bought a potion of heal wounds for 80 gold pieces
 30738 | Orc:2    | Bought a potion of haste for 160 gold pieces
 30779 | Orc:2    | Found a staircase to the Elven Halls.
 31065 | Snake:1  | Entered Level 1 of the Snake Pit
 31099 | Snake:1  | Received a gift from Okawaru
 31102 | Snake:1  | Got a transparent broad axe {god gift}
 31103 | Snake:1  | Identified the +8 broad axe "Isuix" {freeze, Dex+2} (Okawaru gifted it to you on level 1 of the Snake Pit)
 31162 | Snake:1  | Got a slimy lapis lazuli ring
 31164 | Snake:1  | Identified the ring "Zotzodde" {rF+ rC+ Str+4} (You found it on level 1 of the Snake Pit)
 31496 | Snake:1  | Identified the Guide on Gliding Augmentations
 31959 | Snake:2  | Received a gift from Okawaru
 32734 | Snake:2  | Received a gift from Okawaru
 33596 | Snake:2  | Reached XP level 17. HP: 150/150 MP: 28/28
 33753 | Snake:2  | Found Vaodoj's Magic Scroll Emporium.
 33763 | Snake:2  | Bought a scroll of identify for 28 gold pieces
 33763 | Snake:2  | Bought a scroll of enchant armour for 105 gold pieces
 33763 | Snake:2  | Bought a scroll of enchant weapon for 105 gold pieces
 33763 | Snake:2  | Bought a scroll of remove curse for 42 gold pieces
 33763 | Snake:2  | Bought a scroll of acquirement for 728 gold pieces
 33771 | Snake:2  | Got a faintly glowing plate armour
 33782 | Snake:2  | Identified the +2 plate armour of the Black Skies {Str+2 Int+4} (You acquired it on level 2 of the Snake Pit)
 34207 | Snake:3  | Reached skill level 18 in Axes
 34381 | Snake:3  | Got an encrusted broad axe
 34382 | Snake:3  | Identified the +10 broad axe "Turhups" {chop, rF+} (You found it on level 3 of the Snake Pit)
 35263 | Snake:4  | Entered Level 4 of the Snake Pit
 35978 | Snake:4  | Received a gift from Okawaru
 36366 | Snake:4  | Noticed Mara
 36371 | Snake:4  | Noticed Tetramerus's illusion
 36637 | Snake:4  | Killed Mara
 36770 | Snake:4  | Received a gift from Okawaru
 38094 | Snake:4  | Reached skill level 19 in Axes
 38127 | Snake:4  | Reached XP level 18. HP: 134/160 MP: 29/29
 38130 | Snake:4  | Received a gift from Okawaru
 38133 | Snake:4  | Got a brightly glowing buckler {god gift}
 38156 | Snake:4  | Identified the +4 buckler of the Guardian {rF+ Str+4} (Okawaru gifted it to you on level 4 of the Snake Pit)
 38892 | Snake:4  | Got a serpentine rune of Zot
 39438 | Shoals:1 | Entered Level 1 of the Shoals
 40549 | Shoals:2 | Noticed Polyphemus
 40571 | Shoals:2 | Killed Polyphemus
 40983 | Shoals:2 | Noticed Kirke
 41008 | Shoals:2 | HP: 6/161 [alligator snapping turtle (30)]
 41579 | Shoals:2 | Killed Kirke
 43008 | Shoals:4 | Entered Level 4 of the Shoals
 43032 | Shoals:4 | Noticed Ilsuiw
 43052 | Shoals:4 | Killed Ilsuiw
 43052 | Shoals:4 | Received a gift from Okawaru
 43612 | Shoals:4 | Got a shimmering scale mail
 43614 | Shoals:4 | Identified the +3 scale mail of Immorality {+Fly rN+} (You found it on level 4 of the Shoals)
 43642 | Shoals:4 | Reached skill level 15 in Shields
 43657 | Shoals:4 | Reached XP level 19. HP: 152/169 MP: 31/31
 43689 | Shoals:4 | Reached skill level 15 in Fighting
 43752 | Shoals:4 | Reached skill level 20 in Axes
 44118 | Shoals:4 | Found Kinigeph's Magic Scroll Emporium.
 44119 | Shoals:4 | Got a bloodstained plate armour
 44130 | Shoals:4 | Identified the +1 plate armour of the Falcon {rElec} (You found it on level 4 of the Shoals)
 44159 | Shoals:4 | Bought a scroll of recharging for 142 gold pieces
 44159 | Shoals:4 | Bought a scroll of identify for 30 gold pieces
 44159 | Shoals:4 | Bought 3 scrolls of enchant armour for 337 gold pieces
 44357 | Shoals:4 | Got a barnacled rune of Zot
 44765 | Shoals:4 | Noticed Leibowitz's ghost (adept KoBe)
 44787 | Shoals:4 | Killed Leibowitz's ghost
 45153 | Lair:1   | Received a gift from Okawaru
 45322 | Vaults:1 | Entered Level 1 of the Vaults
 45906 | Vaults:1 | Found Sicvax's Jewellery Shop.
 45931 | Vaults:1 | Received a gift from Okawaru
 46263 | Vaults:1 | Found Zodghap's Antique Armour Emporium.
 46460 | Vaults:1 | Found Fuyschudgh's Antique Weapon Shop.
 47025 | Vaults:2 | Received a gift from Okawaru
 47260 | Vaults:2 | Reached skill level 10 in Spellcasting
 47584 | Vaults:2 | Reached skill level 21 in Axes
 47592 | Vaults:2 | Reached XP level 20. HP: 180/180 MP: 33/33
 48079 | Vaults:2 | Received a gift from Okawaru
 48825 | Vaults:3 | Noticed Mennas
 48851 | Vaults:3 | Killed Mennas
 49338 | Vaults:3 | Found a staircase to the Crypt.
 49863 | Vaults:4 | Reached skill level 15 in Dodging
 50162 | Vaults:4 | Received a gift from Okawaru
 50574 | Vaults:4 | Found Dizumeno's Antique Armour Shop.
 50583 | Vaults:4 | Bought an encrusted cloak for 285 gold pieces
 50593 | Vaults:4 | Identified the +4 cloak of Vehumet's Generosity {*Contam rElec MP+9 Int+2} (You bought it in a shop on level 4 of the Vaults)
 50991 | Vaults:4 | Reached skill level 22 in Axes
 51308 | Vaults:5 | Entered Level 5 of the Vaults
 51318 | Vaults:5 | Reached XP level 21. HP: 173/189 MP: 34/34
 51326 | Vaults:5 | Noticed Tekks's ghost (veteran SpAs)
 51346 | Vaults:5 | Received a gift from Okawaru
 51368 | Vaults:5 | Noticed a golden dragon
 51372 | Vaults:5 | HP: 8/189 [titan/the air (25)]
 51372 | Vaults:5 | HP: 3/189 [Tekks's ghost (5)]
 51372 | Vaults:5 | HP: 1/189 [ogre mage/halberd (2)]
 51372 | Vaults:5 | Slain by a tentacled monstrosity

Vault maps used:
D:1:      lemuel_arrival_cross, serial_bayou, serial_bayou_lagoon_a,
          serial_bayou_shore_a, serial_bayou_pond_a, serial_bayou_shore_b,
          grunt_decor_cap
D:2:      lemuel_round_altar, vehumet_crystals, grunt_gozag_breadcrumbs
D:3:      cheibrodos_greedy_goblins, kennysheep_slug_shrine, first_bread,
          uniq_grinder
D:4:      wad_river_or_something, eat_drink_and_be_merry_uskayaw,
          nicolae_tso_besieged_by_evil
D:5:      nicolae_overflow_crystal_walls
D:6:      zin_academy, okawaru_ov_weapons_minmay, lightli_sewer_entry_pipes
D:7:      ashenzari_altar_1
D:8:      kiku_gazebo_garden_becter, serial_shops, shop
D:9:      nemelex_altar_shiori, serial_shops, shop
D:11:     minmay_lair_entry_lava, lab_entry_generic, uniq_harold, uniq_snorg,
          uniq_fannar, uniq_grum
D:12:     erik_orc_4, kennysheep_just_a_vault, uniq_frances
D:13:     minmay_containers
D:14:     david_vaults_2, blue_anna_alchemist
D:15:     grunt_enter_depths_magical_seal, serial_ice, serial_ice_c,
          serial_ice_f, serial_ice_h, serial_ice_i, hangedman_ru_absence,
          minmay_misc_feat_square, minmay_joined_circles, uniq_roxanne,
          uniq_azrael
Temple:   chequers_temple_sunken
Lair:1:   small_statue_intersection, dpeg_stationary_puzzle
Lair:2:   minmay_snake_entry_guardpost_large, portal_ice_cave_entry_pillars_1
Lair:3:   mu_elephants_graveyard, minmay_shoals_entry_hut, minmay_hedge_maze,
          serial_bayou_shore_b
Lair:4:   grunt_megastairs_2, uniq_sonja
Lair:5:   infiniplex_staircase_pool
Lair:6:   grunt_lair_end_beastmaster, nicolae_slime_entry_slimehenge,
          st_stairs_13, lemuel_oklob_altar, lemuel_fruit_fields
Shoals:1: st_shoals_ruin
Shoals:2: uniq_polyphemus, uniq_kirke
Shoals:4: shoals_end_grunt_ice, shoal_ilsuiw, serial_shops,
          nicolae_shop_statue_plus
Snake:1:  nicolae_snake_lava_pool
Snake:2:  kennysheep_snake, serial_shops, nicolae_shop_stone
Snake:4:  snake_pit, st_stairs_11, spider_trap, uniq_mara
Orc:1:    nicolae_orc_tapped_out
Orc:2:    st_orc_pillars
Vaults:1: nicolae_vaults_angled_halls, vaults_room_guarded_vault,
          nicolae_vaults_border_crossing, v_misc_30,
          nicolae_vaults_little_squares_6, serial_shops, shop,
          nicolae_shop_stone, nicolae_shop_temple_entry_statues_fountains
Vaults:2: ontoclasm_vaults_idyll, ontoclasm_vaults_loading_screen,
          ontoclasm_vaults_shuriken, nicolae_vaults_theta, serial_ice_m,
          ontoclasm_vaults_eye, vaults_room_grid, nicolae_vaults_little_ls,
          nicolae_vaults_big_ls, v_misc_24, grunt_vaults_trifunnel,
          ontoclasm_vaults_bender, grunt_vaults_funnel
Vaults:3: minmay_crypt_entry_simple_sparse, v_alt_pattern_2,
          nicolae_vaults_network_quinsquares, vaults_standard_mumra_lines,
          vaults_room_large_hall, v_misc_2, vaults_room_fours, v_misc_9,
          v_misc_15, v_misc_25, uniq_mennas
Vaults:4: v_misc_26, nicolae_vaults_three_branches,
          vaults_mumra_minichess_inversion, hangedman_vaults_pinch,
          hangedman_vaults_stretched_pinwheel, ontoclasm_vaults_idyll,
          v_misc_29, v_misc_11, serial_shops, nicolae_shop_trees
Vaults:5: serial_shops
Lab:      nicolae_lab_dead_adventurers, labyrinth_skeletal_remains,
          nicolae_lab_diamond, nicolae_lab_very_dead_end,
          nicolae_lab_checkerboard
Sewer:    kennysheep_door_sewer
IceCv:    ice_cave_small_dragons

Skill      XL: |  1  2  3  4  5  6  7  8  9 10 11 12 13 14 15 16 17 18 19 20 |
---------------+-------------------------------------------------------------+-----
Axes           | 3 4 5 6 7 9 11 12 14 15 16 17 19 21 22 | 22.4
Shields        | 4 5 6 7 8 9 10 11 12 13 14 15 16 | 16.8
Armour         | 4 5 6 7 13 14 15 16 17 18 19 | 19.7
Spellcasting   | 1 2 3 4 5 6 7 8 9 10 | 10.7
Dodging        | 1 2 3 4 5 6 7 8 10 11 12 13 14 15 | 15.6
Fighting       | 4 5 6 8 10 11 12 13 14 15 16 | 16.7
Evocations     | 1 2 3 5 |  5.0
Invocations    | 3 4 |  4.0

Action                   |  1- 3 |  4- 6 |  7- 9 | 10-12 | 13-15 | 16-18 | 19-21 || total
-------------------------+-------+-------+-------+-------+-------+-------+-------++-------
Melee: War axe           |   136 |   124 |   288 |   533 |  1175 |   167 |       ||  2423
       Headbutt          |    16 |    19 |    50 |   123 |   384 |   384 |   297 ||  1273
       Broad axe         |       |       |       |       |       |   969 |   840 ||  1809
Throw: Throwing net      |       |       |       |     4 |       |       |     1 ||     5
Invok: Heroism           |       |       |     1 |     4 |     2 |     3 |     3 ||    13
       Finesse           |       |       |       |     2 |     2 |     5 |     3 ||    12
 Abil: Evoke Berserk Rag |       |       |       |     3 |     5 |     1 |       ||     9
       Stop Flying       |       |       |       |       |       |       |     1 ||     1
Evoke: Wand              |       |       |       |       |     1 |       |       ||     1
  Use: Scroll            |     5 |     4 |     6 |    15 |    19 |    18 |     6 ||    73
       Potion            |       |     1 |     2 |     3 |     6 |    14 |     7 ||    33
 Stab: Held in net/web   |       |       |       |     2 |       |     1 |     1 ||     4
       Petrified         |       |       |       |       |    13 |       |       ||    13
       Invisible         |       |       |       |       |     4 |    10 |       ||    14
       Paralysed         |       |       |       |       |     1 |       |       ||     1
       Distracted        |       |       |       |       |       |     1 |     1 ||     2
  Eat: Chunk             |     5 |     4 |    10 |    18 |    46 |    17 |    19 ||   119
       Beef jerky        |       |       |     1 |       |     1 |     6 |     2 ||    10
       Fruit             |       |       |     5 |       |     2 |    12 |     3 ||    22
       Pizza             |       |       |       |     1 |       |     5 |       ||     6
       Bread ration      |       |       |       |     1 |       |       |       ||     1
       Royal jelly       |       |       |       |       |     2 |     1 |       ||     3
Armor: Scale mail        |    37 |       |       |       |       |       |       ||    37
       Chain mail        |    17 |    68 |   132 |   267 |   299 |       |       ||   783
       Plate armour      |       |       |       |       |    68 |   337 |   270 ||   675
Dodge: Dodged            |    23 |    28 |    74 |   221 |   375 |   421 |   319 ||  1461
Block: Shield            |    52 |    77 |   161 |   445 |   632 |   468 |       ||  1835
       Buckler           |       |       |       |       |       |   322 |   568 ||   890
       Reflection        |       |       |       |       |       |    48 |    66 ||   114
       Rpst.: War axe    |       |       |       |    14 |    75 |     7 |       ||    96
       Broad axe         |       |       |       |       |       |    53 |    41 ||    94
